 Dungeon Crawl Stone Soup version 0.24.0-13-gcf9b319 (webtiles) character file.

Game seed: 18183394678038243704, levelgen mode: deterministic

134 Bronimir the Firebug (level 5, -5/28 HPs)
             Began as a Tengu Fire Elementalist on Mar 28, 2020.
             Slain by an orc
             ... wielding a +0 flail
              (8 damage)
             ... on level 4 of the Dungeon.
             The game lasted 00:08:46 (2487 turns).

Bronimir the Firebug (Tengu Fire Elementalist)      Turns: 2487, Time: 00:08:46

Health: -5/28      AC:  5    Str: 10    XL:     5   Next: 17%
Magic:  5/10       EV: 12    Int: 15    God:
Gold:   80         SH:  0    Dex: 14    Spells: 3/9 levels left

rFire    . . .     SeeInvis .   a - +0 spear
rCold    . . .     Gourm    .   (no shield)
rNeg     . . .     Faith    .   p - +0 leather armour
rPois    +         Spirit   .   (helmet restricted)
rElec    .         Reflect  .   (no cloak)
rCorr    .         Harm     .   g - +1 pair of gloves
MR       .....                  (boots unavailable)
Stlth    ++........             (no amulet)
HPRegen  0.09/turn              q - ring of poison resistance
MPRegen  0.12/turn              (no ring)

@: very slightly contaminated
A: beak, talons 3, able to fly
a: Fly


You were on level 4 of the Dungeon.
You were not hungry.

You visited 1 branch of the dungeon, and saw 4 of its levels.

You collected 80 gold pieces.

Inventory:

Hand Weapons
 a - a +0 spear (weapon)
 f - a +0 club
Missiles
 h - 28 sling bullets
 i - 41 arrows
 l - 67 stones (quivered)
 r - 21 bolts
Armour
 g - a +1 pair of gloves (worn)
 n - a +0 ring mail
 o - a +0 robe
 p - a +0 leather armour (worn)
Jewellery
 q - a ring of poison resistance (left hand)
 s - an uncursed ring of stealth {unknown}
 w - a cursed -4 ring of dexterity {unknown}
Wands
 b - a wand of flame (7)
Scrolls
 d - a scroll of amnesia {unknown}
 e - 4 scrolls of blinking
 k - 3 scrolls of remove curse
 u - a scroll of identify
Potions
 j - 2 potions of curing
 m - a potion of brilliance
 t - a potion of agility {unknown}
Comestibles
 c - 8 rations
 v - 2 chunks of flesh


   Skills:
 + Level 0.2 Maces & Flails
 + Level 0.1 Polearms
 * Level 1.1 Armour
 + Level 2.4 Dodging
 - Level 2.0 Stealth
 * Level 2.7 Spellcasting
 * Level 2.1 Conjurations
 * Level 5.1 Fire Magic


You had 3 spell levels left.
You knew the following spells:

 Your Spells              Type           Power        Failure   Level  Hunger
a - Flame Tongue          Conj/Fire      ##...        6%          1    #......
b - Throw Flame           Conj/Fire      ##....       10%         2    ##.....
c - Conjure Flame         Conj/Fire      ##......     19%         3    ###....

Your spell library contained the following spells:

 Spells                   Type           Power        Failure   Level  Hunger
 Inner Flame              Hex/Fire       #.......     28%         3    ###....
 Sticky Flame             Conj/Fire      ##......     52%         4    #####..
 Fireball                 Conj/Fire      ##........   86%         5    ######.


Dungeon Overview and Level Annotations

Branches:
Dungeon (4/15)
 Temple: D:4-7

Altars:
Elyvilon
Yredelemnul

Annotations:
D:3 Grinder


Innate Abilities, Weirdness & Mutations

You have a beak for a mouth.
You have claws for feet.
You can fly continuously.


Message History

The orc hits you but does no damage. The orc barely misses you.
Casting: Flame Tongue (safe; 7% risk of failure)
Confirm with . or Enter, or press ? or * to list all spells.
Okay, then.
Casting: Flame Tongue (safe; 7% risk of failure)
Confirm with . or Enter, or press ? or * to list all spells.
Aiming: Flame Tongue (safe; 7% risk of failure)
Press: ? - help, Shift-Dir - straight line, f/p - orc priest
Aim: an orc priest, wielding a +0 club (almost dead)
The flame tongue hits the orc priest!
You kill the orc priest!
Your life force feels restored.
Your Armour skill increases to level 1!
You have reached level 5!
You have gained the ability to fly.
The orc hits you with a +0 club.
* * * LOW HITPOINT WARNING * * *
An orc comes into view. It is wielding a +0 flail.
The orc hits you with a +0 flail!
You die...

#####
##.####...########
#.......#........#
#####..####..[######.#
.....<.##...[....# #.#
.#####.##.######.# #.#
.# #.##.# #.# #.#
.#####.##<# #.# #.#
.....<.##)# #@# #.#
..........# #o# #.#
########### #.# #.#
..# ####o###.#### #.#
##.##........# #.#
#.....o......# #.#
##.###.......# #.#
#.###.......# #.#
#...........#


You could see 3 orcs.

Vanquished Creatures
  An orc priest (D:4)
  2 orc wizards
  2 dart slugs
  A leopard gecko (D:1)
  8 orcs (D:4)
  2 giant cockroaches
  4 goblins
  6 jackals (D:3)
  A kobold (D:1)
  A ball python (D:2)
  5 bats
  2 frilled lizards (D:2)
  5 rats
40 creatures vanquished.

Notes
Turn   | Place    | Note
-------+----------+-------------------------------------------
     0 | D:1      | Bronimir the Tengu Fire Elementalist began the quest for
                  | the Orb.
     0 | D:1      | Reached XP level 1. HP: 10/10 MP: 4/4
   233 | D:1      | Reached XP level 2. HP: 13/15 MP: 6/6
   544 | D:1      | Reached skill level 4 in Fire Magic
  1173 | D:2      | Reached XP level 3. HP: 17/19 MP: 7/7
  1199 | D:2      | Found a basalt altar of Yredelemnul.
  1252 | D:2      | Found a white marble altar of Elyvilon.
  1657 | D:3      | Noticed Grinder
  1661 | D:3      | Paralysed by Grinder for 6 turns
  1810 | D:2      | You fall into a shaft and drop 2 floors!
  1952 | D:4      | Reached XP level 4. HP: 7/24 MP: 0/8
  2177 | D:4      | Learned a level 2 spell: Throw Flame
  2181 | D:4      | Learned a level 3 spell: Conjure Flame
  2224 | D:4      | Reached skill level 5 in Fire Magic
  2475 | D:4      | Reached skill level 1 in Armour
  2475 | D:4      | Gained mutation: You can fly continuously. [Tengu growth]
  2475 | D:4      | Reached XP level 5. HP: 3/28 MP: 3/10
  2487 | D:4      | Slain by an orc

Levels and vault maps discovered:
D:1:      ncdulo_halloftheorcs, layout_loops_ring
D:2:      layout_rooms, kennysheep_ying_yang
D:3:      layout_basic, uniq_grinder, uniq_natasha
D:4:      layout_loops_ring, biasface_ghost_orc_armoury, first_ration,
          uniq_menkaure

Skill      XL: |  1  2  3  4 |
---------------+-------------+-----
Fire Magic     | 4 5 |  5.1
Conjurations   | 2 |  2.1
Armour         | 1 |  1.1
Maces & Flails | |  0.2
Polearms       | |  0.1
Dodging        | |  2.4
Stealth        | |  2.0
Spellcasting   | |  2.7

Action                   |  1- 3 |  4- 6 || total
-------------------------+-------+-------++-------
Melee: Club              |    40 |       ||    40
       Kick              |    10 |     2 ||    12
       Peck              |    10 |     2 ||    12
       Spear             |    24 |     7 ||    31
 Cast: Flame Tongue      |    38 |    12 ||    50
  Use: Scroll            |     4 |       ||     4
       Potion            |     2 |       ||     2
 Stab: Sleeping          |     2 |       ||     2
  Eat: Chunk             |     3 |     3 ||     6
Armor: Robe              |    16 |       ||    16
       Leather armour    |     9 |     7 ||    16
Dodge: Dodged            |    66 |     9 ||    75
